Map: Abyssal Reef LE

Players

Zanster

  • Race: Zerg Zerg
  • Spawn Location: 11:00

SpeCiaL - Winner!

  • Race: Terran Terran
  • Spawn Location: 5:00

Event: WCS Valencia 2017

VOD

Have the link to the VOD?

Description

Time

  • Played on: July 14, 2017, 2:34 p.m.
  • Length: 10:21

All games in this series

Show
View Real Time Build Order
Export as new Build Order

Zanster Zerg 

Build Orders: Pool First, Muta Ling Bane 

Get SALT Encoding   

  12  0:00  Drone  
  13  0:13  Overlord  
  13  0:17  Drone  
  14  0:31  Drone  
  14  0:32  Drone  
  14  0:35  Drone  
  17  0:46  Drone  
  17  0:47  Extractor  
  17  0:55  Spawning Pool  
  17  0:56  Drone  
  17  1:07  Drone  
  18  1:18  Hatchery  
  18  1:21  Drone  
  18  1:28  Drone  
  19  1:43  Queen, Zergling x2  
  22  1:47  Metabolic Boost  
  22  1:54  Overlord  
  22  2:22  Drone x3  
  25  2:25  Queen  
  26  2:30  Queen  
  26  2:31  Zergling x2  
  29  2:37  Zergling x2  
  30  2:45  Zergling x2  
  31  2:52  Drone x2  
  31  2:54  Drone  
  31  2:55  Drone  
  31  2:57  Overlord  
  35  3:16  Drone  
  35  3:17  Drone x3  
  35  3:18  Hatchery  
  38  3:23  Overlord  
  38  3:24  Drone x2  
  40  3:28  Drone x2  
  40  3:30  Drone  
  43  3:41  Queen  
  43  3:42  Overlord  
  43  3:45  Zergling x4  
  47  3:49  Drone x2  
  47  3:50  Drone  
  47  3:55  Baneling Nest  
  49  4:02  Drone x4  
  53  4:08  Overlord  
  53  4:09  Drone x3  
  56  4:14  Drone  
  57  4:18  Drone  
  58  4:27  Spore Crawler  
  58  4:28  Drone x5  
  59  4:33  Zergling x2  
  59  4:34  Extractor  
  59  4:36  Drone  
  60  4:40  Drone  
  60  4:41  Drone  
  62  4:46  Queen  
  62  4:49  Overlord  
  62  4:51  Drone x2  
  62  4:52  Drone x2  
  68  4:53  Spore Crawler  
  68  4:54  Drone  
  68  4:59  Drone  
  68  5:01  Queen  
  68  5:03  Drone x3  
  73  5:08  Overlord  
  72  5:17  Drone  
  72  5:18  Overlord  
  73  5:22  Drone  
  73  5:23  Drone  
  73  5:26  Overlord  
  73  5:27  Evolution Chamber x2, Lair  
  72  5:30  Drone x5  
  72  5:33  Drone  
  78  5:37  Zergling x6  
  81  5:47  Extractor  
  81  5:49  Extractor, Overlord  
  79  5:51  Drone x3  
  79  5:56  Zerg Melee Weapons Level 1  
  81  6:00  Drone x7  
  85  6:05  Extractor  
  85  6:08  Drone x6  
  81  6:19  Drone x6  
  84  6:26  Drone  
  84  6:31  Drone x5  
  90  6:34  Zerg Ground Armor Level 1  
  90  6:35  Extractor  
  89  6:40  Overlord  
  89  6:48  Centrifical Hooks  
  89  6:49  Hatchery  
  89  6:53  Zergling x12  
  93  6:55  Overseer  
  91  7:03  Spire  
  91  7:05  Zergling x16  
  98  7:10  Overlord  
  98  7:13  Zergling x6  
  101  7:16  Baneling x3  
  101  7:17  Baneling x5  
  101  7:18  Baneling  
  101  7:23  Zergling x2  
  101  7:24  Zergling x4  
  101  7:26  Overlord  
  103  7:31  Drone x2  
  103  7:36  Overlord  
  105  7:45  Zergling x2  
  105  7:46  Zergling x16  
  105  7:49  Hatchery  
  111  7:53  Drone x2  
  111  7:55  Zergling x2  
  114  8:00  Zergling x10  
  113  8:11  Overlord  
  110  8:17  Mutalisk x8  
  119  8:23  Mutalisk  
  119  8:25  Drone x4  
  125  8:41  Zergling x16  
  129  8:43  Zergling x4  
  129  8:47  Hatchery  
  133  8:56  Overlord  
  133  8:58  Zergling x12  
  139  9:07  Zergling x16  
  145  9:11  Baneling x8  
  145  9:22  Zergling x2  
  145  9:23  Zergling x20  
  153  9:25  Baneling  
  153  9:26  Baneling x4  
  153  9:29  Overlord  
  128  9:43  Zergling x26  
  118  9:49  Baneling x7  
  115  9:54  Mutalisk x5  
  115  9:57  Zergling x2  
  119  10:01  Zergling x2  
  119  10:03  Baneling  
  119  10:04  Baneling x6  
Show
View Real Time Build Order
Export as new Build Order

SpeCiaL Terran - Winner!

Build Orders: Reaper Expand, MMM Bio 

Get SALT Encoding   

  12  0:00  SCV  
  13  0:12  SCV  
  14  0:18  Supply Depot  
  14  0:25  SCV  
  15  0:29  Refinery  
  15  0:40  SCV  
  16  0:45  Barracks  
  16  0:52  SCV  
  17  1:04  SCV  
  18  1:16  SCV  
  19  1:32  Orbital Command  
  19  1:33  Reaper  
  20  1:45  Command Center  
  20  1:56  Factory  
  20  2:00  SCV  
  21  2:10  Barracks Reactor  
  21  2:13  SCV  
  22  2:16  Supply Depot  
  22  2:23  Refinery  
  22  2:25  SCV  
  23  2:37  SCV  
  24  2:45  Starport  
  24  2:49  SCV  
  27  2:51  Hellion  
  27  2:52  Hellion  
  27  2:56  Marine  
  30  3:01  Orbital Command  
  30  3:02  SCV  
  31  3:15  SCV  
  31  3:17  Widow Mine x2  
  36  3:22  Medivac  
  36  3:25  Barracks Tech Lab  
  36  3:26  SCV  
  39  3:28  SCV  
  39  3:32  Supply Depot  
  40  3:38  SCV  
  40  3:40  SCV  
  42  3:47  Hellion x2  
  46  3:54  SCV  
  46  3:55  SCV, Supply Depot  
  48  4:02  Raven  
  48  4:06  SCV  
  48  4:09  SCV  
  52  4:11  Bunker  
  52  4:18  SCV  
  52  4:21  SCV  
  52  4:22  Marine x2  
  55  4:30  SCV  
  56  4:32  Command Center  
  56  4:33  SCV  
  57  4:39  Marine  
  57  4:40  Marine  
  57  4:42  SCV, Supply Depot  
  57  4:43  Factory Tech Lab  
  57  4:45  Raven  
  62  5:02  Supply Depot  
  62  5:04  SCV x2  
  64  5:16  SCV x2  
  64  5:17  Barracks x2  
  66  5:22  Marine  
  66  5:24  Factory Reactor  
  66  5:28  SCV x2  
  69  5:29  Supply Depot  
  69  5:39  Engineering Bay, Refinery x2  
  69  5:40  Marine, Engineering Bay, SCV x2  
  72  5:45  Starport Reactor  
  72  5:46  Stimpack  
  72  5:47  Orbital Command  
  72  5:52  SCV x2  
  74  5:58  Marine  
  75  6:04  SCV x2  
  75  6:09  Factory Tech Lab  
  77  6:11  Marine  
  77  6:13  Combat Shields  
  77  6:15  Marine, Barracks  
  77  6:16  SCV x2, Barracks  
  77  6:17  Orbital Command  
  79  6:23  Terran Infantry Weapons Level 1  
  73  6:25  Terran Infantry Armor Level 1  
  73  6:29  Marine x3  
  73  6:30  Siege Tank  
  79  6:33  SCV x2, Marine  
  82  6:43  Command Center  
  82  6:44  Supply Depot  
  82  6:46  Marine, Medivac x2  
  82  6:47  Marine x2, SCV x2  
  86  6:49  SCV  
  86  6:51  Marine  
  93  6:59  SCV  
  94  7:02  SCV x2  
  94  7:04  Marine  
  94  7:06  Marine, Supply Depot  
  94  7:07  Supply Depot  
  94  7:08  Armory  
  98  7:09  Siege Tank  
  98  7:11  SCV  
  98  7:13  Marine x2  
  104  7:15  Barracks Reactor  
  104  7:17  SCV x2, Supply Depot  
  104  7:20  Barracks  
  104  7:21  Marine x2  
  104  7:22  Barracks  
  106  7:23  SCV  
  106  7:28  Marine x2  
  106  7:29  SCV x2  
  111  7:30  Marine  
  111  7:31  Marine  
  111  7:33  Medivac x2  
  111  7:37  Supply Depot  
  115  7:38  Supply Depot  
  115  7:39  Marine x2  
  115  7:40  Supply Depot  
  117  7:46  Marine x2  
  117  7:48  Marine x2  
  117  7:50  Siege Tank  
  124  7:53  Marine  
  124  7:55  Marine  
  124  7:57  Marine x2  
  128  8:02  Medivac  
  128  8:03  Supply Depot  
  128  8:04  Marine x2, Supply Depot  
  132  8:06  Marine x2  
  132  8:10  Barracks Reactor  
  132  8:11  Barracks Tech Lab, Marine  
  132  8:12  Medivac  
  137  8:13  Marine  
  137  8:15  Marauder, Marine  
  137  8:22  Marine x2  
  137  8:24  Marine x2, SCV  
  137  8:25  SCV x2, Refinery  
  144  8:28  Planetary Fortress  
  144  8:29  Marauder, Marine  
  144  8:31  Marine  
  144  8:33  Marauder  
  150  8:36  Marine  
  150  8:39  Marine  
  150  8:40  Marine  
  153  8:42  Marine x2  
  153  8:43  Supply Depot  
  153  8:44  Supply Depot  
  153  8:45  Factory Reactor  
  153  8:46  Marine  
  153  8:47  Marine x2  
  158  8:49  Marine  
  158  8:50  Marine  
  158  8:54  Marine x2  
  162  8:57  Marine x2  
  162  8:59  Marine  
  162  9:00  Marine, Medivac x2  
  162  9:02  Factory  
  170  9:03  Missile Turret  
  170  9:04  Marine  
  170  9:05  Marine x2  
  170  9:06  Marine, Supply Depot  
  170  9:08  Marine  
  175  9:12  Marine x2  
  175  9:15  Marine x2  
  179  9:17  Marine x2  
  179  9:22  Marine  
  179  9:23  Marine  
  179  9:24  Widow Mine x2  
  179  9:26  Marauder  
  179  9:27  Marine x2  
  179  9:30  Marauder x2  
  191  9:33  Marine x2  
  191  9:35  Marine  
  173  9:43  Marine  
  158  9:47  Marine x2  
  158  9:48  Marauder, Marine x2  
  158  9:50  Medivac x2  
  158  9:51  Marauder, Marine x3  
  170  9:53  Marine  
  169  10:01  Marine  
Tags
 
Add a new tag
Caveats
  • Supply blocks, unpowered buildings, or Contaminate may cause inaccurate times.
  • Supply counts are checked every 10 seconds.